Map: Curious Minds LE

Players

Djorjx - Winner!

  • Race: Terran Terran
  • League: Grandmaster

TheCowboy

  • Race: Zerg Zerg
  • League: Grandmaster

VOD

Have the link to the VOD?

Description

Time

  • Played on: Jan. 27, 2022, 3:07 p.m.
  • Length: 12:27
Show
View Real Time Build Order
Export as new Build Order

Djorjx Terran - Winner!

Build Orders: Reaper Expand, Hellion Banshee 

Get SALT Encoding   

  12  0:00  SCV  
  13  0:12  SCV  
  14  0:17  Supply Depot  
  14  0:24  SCV  
  15  0:38  SCV  
  15  0:40  Barracks  
  15  0:42  Refinery  
  16  0:51  SCV  
  17  1:03  SCV  
  18  1:15  SCV  
  19  1:27  Orbital Command, Reaper  
  20  1:38  Command Center  
  20  1:47  Supply Depot  
  20  1:53  SCV  
  21  1:59  Marine  
  22  2:05  SCV  
  22  2:08  Factory  
  23  2:13  Refinery  
  23  2:17  SCV  
  23  2:19  Barracks Reactor  
  24  2:29  SCV  
  25  2:41  SCV  
  26  2:52  Orbital Command  
  26  2:53  Starport  
  26  2:54  SCV  
  27  3:06  SCV  
  28  3:14  Barracks Tech Lab  
  28  3:18  SCV  
  28  3:19  Hellion x2, Bunker  
  33  3:23  SCV  
  34  3:30  SCV  
  35  3:35  SCV  
  35  3:37  Banshee  
  39  3:42  SCV  
  39  3:44  Hellion, Marine  
  39  3:47  SCV  
  39  3:48  Hellion  
  46  3:54  Supply Depot  
  46  4:02  Supply Depot  
  46  4:04  Cloaking Field  
  46  4:05  Marine  
  46  4:06  SCV x2  
  49  4:12  Hellion x2  
  50  4:20  Banshee  
  50  4:21  SCV x2  
  52  4:33  SCV  
  52  4:36  SCV  
  47  4:44  Barracks Tech Lab  
  47  4:45  SCV  
  45  4:48  SCV  
  47  4:57  SCV  
  48  5:00  SCV  
  48  5:04  Stimpack  
  45  5:09  SCV  
  45  5:10  Barracks  
  45  5:13  SCV, Barracks  
  45  5:14  Factory Reactor  
  47  5:21  SCV  
  47  5:25  SCV  
  47  5:27  Command Center  
  49  5:30  Marine  
  49  5:33  SCV  
  51  5:38  SCV, Starport Reactor  
  52  5:48  Marine  
  53  5:50  SCV  
  53  5:51  Engineering Bay  
  53  5:53  Engineering Bay  
  53  5:56  Refinery  
  54  5:57  Refinery  
  54  6:08  Supply Depot  
  54  6:20  Terran Infantry Weapons Level 1  
  54  6:22  Terran Infantry Armor Level 1  
  54  6:29  SCV x2, Siege Tank, Marine x3  
  62  6:39  Medivac x2, Marine x2  
  68  6:40  Orbital Command  
  68  6:41  SCV x2  
  68  6:47  Marine x2  
  66  6:53  SCV x2  
  70  6:56  Marine  
  71  7:02  Orbital Command  
  71  7:03  Siege Tank, Marine  
  71  7:05  SCV x2  
  77  7:12  Supply Depot x2  
  77  7:33  SCV x2, Medivac, Marine x4  
  77  7:34  Medivac  
  77  7:35  SCV, Barracks x2  
  77  7:36  Siege Tank  
  91  7:41  Supply Depot  
  91  7:43  Supply Depot  
  91  7:45  SCV, Marine  
  91  7:48  Combat Shield  
  93  8:00  Supply Depot  
  93  8:02  Marine x3  
  93  8:03  SCV x2, Supply Depot, Medivac  
  100  8:06  SCV  
  101  8:13  Supply Depot  
  101  8:14  Supply Depot  
  101  8:15  SCV x2  
  101  8:18  SCV  
  98  8:27  SCV x2, Marine  
  98  8:28  Barracks Reactor x2, Marine  
  98  8:29  Sensor Tower, Siege Tank  
  98  8:30  SCV  
  106  8:35  Marine  
  106  8:36  Marine x2  
  106  8:40  Supply Depot  
  106  8:41  Supply Depot, SCV  
  110  8:45  Marine  
  111  8:51  SCV x2  
  111  8:52  Armory  
  111  8:53  Marine x3  
  116  9:01  Siege Tank  
  119  9:04  Refinery  
  119  9:05  Refinery  
  119  9:06  Factory, Marine  
  119  9:07  Supply Depot x2, Marine x4  
  121  9:15  Medivac  
  121  9:16  Medivac  
  121  9:17  Marine x3  
  128  9:26  SCV  
  128  9:30  Missile Turret  
  129  9:33  SCV, Siege Tank  
  129  9:35  Missile Turret  
  129  9:37  Command Center  
  129  9:38  Marine  
  134  9:40  Marine x2  
  136  9:46  Terran Infantry Weapons Level 2  
  136  9:58  Terran Infantry Armor Level 2  
  136  9:59  Marine x6  
  140  10:03  Factory Tech Lab  
  140  10:04  Marine x2  
  140  10:05  Siege Tank  
  145  10:12  Marine  
  145  10:16  Marine  
  145  10:17  Marine x4  
  145  10:18  Medivac x2  
  154  10:27  Marine x3  
  157  10:29  Marine  
  157  10:34  Marine x3  
  161  10:36  Siege Tank, Marine x2  
  166  10:43  Supply Depot  
  166  10:45  Siege Tank, Marine  
  169  10:58  Marine  
  169  10:59  Marine x7  
  169  11:03  Marine  
  178  11:08  Siege Tank  
  175  11:16  Marine x3  
  175  11:17  Siege Tank, Marine x3  
  177  11:22  Ghost Academy  
  160  11:40  Siege Tank  
  160  11:43  Marine x9  
  170  11:49  Siege Tank  
  173  11:58  Missile Turret  
  173  12:01  Marine x5  
  177  12:07  Sensor Tower  
Show
View Real Time Build Order
Export as new Build Order

TheCowboy Zerg 

Build Orders: Hatch First, Lurkers 

Get SALT Encoding   

  12  0:00  Drone  
  13  0:12  Overlord  
  13  0:17  Drone  
  14  0:32  Drone x2  
  16  0:47  Hatchery  
  15  0:51  Drone  
  15  0:54  Drone  
  17  0:58  Drone  
  18  1:08  Extractor  
  17  1:13  Spawning Pool  
  17  1:16  Drone  
  17  1:19  Drone  
  18  1:28  Drone  
  19  1:41  Drone  
  20  1:50  Drone  
  21  2:00  Queen x2  
  21  2:01  Zergling x4  
  27  2:09  Roach Warren  
  27  2:11  Overlord  
  27  2:14  Drone  
  27  2:21  Drone  
  28  2:31  Drone  
  28  2:34  Drone x2  
  31  2:47  Overlord  
  31  2:48  Overlord  
  31  2:54  Roach  
  31  2:55  Roach  
  35  3:06  Roach x2  
  35  3:09  Roach x4  
  46  3:20  Drone x2  
  46  3:21  Overlord  
  46  3:23  Ravager  
  49  3:36  Drone  
  49  3:40  Drone x3  
  52  3:50  Drone  
  52  3:51  Hatchery  
  52  3:55  Drone x3  
  54  4:00  Drone x2  
  57  4:04  Overlord  
  57  4:05  Drone  
  58  4:15  Drone  
  58  4:16  Overlord  
  59  4:21  Overlord  
  59  4:22  Queen  
  54  4:33  Drone  
  54  4:34  Drone x2  
  54  4:36  Lair, Spore Crawler  
  54  4:37  Drone  
  55  4:44  Roach x3  
  57  4:52  Roach x2  
  57  4:56  Drone  
  57  4:58  Evolution Chamber, Extractor  
  57  4:59  Spore Crawler  
  55  5:05  Queen  
  55  5:06  Drone  
  58  5:13  Drone x3  
  61  5:15  Extractor  
  61  5:20  Drone x2  
  60  5:21  Spore Crawler  
  60  5:23  Queen  
  60  5:24  Drone x3  
  64  5:34  Spore Crawler  
  62  5:39  Overseer  
  62  5:42  Drone  
  62  5:43  Drone x6  
  67  5:58  Spore Crawler  
  67  6:03  Drone  
  67  6:04  Drone x2  
  69  6:07  Drone x8  
  69  6:08  Overlord  
  77  6:12  Glial Reconstitution  
  77  6:13  Zerg Missile Weapons Level 1  
  77  6:17  Evolution Chamber  
  76  6:19  Extractor  
  76  6:21  Drone x2  
  77  6:30  Drone x2  
  79  6:33  Drone x3  
  79  6:34  Drone  
  79  6:35  Drone  
  79  6:36  Drone  
  85  6:40  Overlord  
  85  6:59  Extractor  
  85  7:00  Extractor  
  80  7:06  Drone  
  80  7:09  Zerg Ground Armor Level 1, Drone  
  80  7:10  Drone x5  
  80  7:11  Overlord x2  
  86  7:17  Roach x8  
  102  7:24  Hatchery  
  102  7:26  Hydralisk Den  
  102  7:27  Drone x2  
  102  7:29  Infestation Pit  
  101  7:31  Ravager  
  101  7:33  Roach  
  101  7:34  Roach x6  
  101  7:36  Drone  
  112  7:49  Drone  
  112  7:50  Drone  
  112  7:51  Drone x4  
  118  8:03  Overlord x2  
  118  8:05  Overlord x4  
  118  8:09  Zerg Missile Weapons Level 2  
  116  8:23  Hive  
  116  8:24  Hatchery  
  116  8:25  Grooved Spines  
  115  8:27  Drone x3  
  115  8:28  Lurker Den  
  115  8:30  Spore Crawler  
  115  8:35  Roach x10  
  115  8:37  Drone x2  
  137  8:42  Pneumatized Carapace  
  137  8:52  Drone x2  
  137  8:53  Drone x3  
  142  9:05  Roach x5  
  142  9:06  Roach x4  
  160  9:12  Extractor, Zerg Ground Armor Level 2  
  160  9:13  Overlord x3  
  160  9:14  Overlord x2  
  160  9:15  Extractor  
  156  9:29  Overlord  
  156  9:30  Overlord  
  156  9:34  Drone  
  156  9:35  Drone x5  
  156  9:36  Queen  
  156  9:37  Drone x3  
  167  9:40  Seismic Spines  
  167  9:42  Muscular Augments  
  167  9:46  Spore Crawler  
  167  9:47  Spore Crawler  
  165  9:56  Hydralisk x5  
  165  9:57  Hydralisk  
  175  10:04  Spore Crawler  
  172  10:09  Hydralisk x3  
  172  10:10  Hydralisk  
  180  10:18  Spore Crawler  
  180  10:19  Spore Crawler  
  178  10:24  Drone  
  178  10:27  Viper x3  
  188  10:33  Lurker x3  
  191  10:36  Drone x3  
  191  10:37  Adaptive Talons  
  191  10:40  Spine Crawler  
  191  10:41  Spine Crawler  
  192  10:43  Spore Crawler  
  191  10:54  Lurker x5  
  196  11:00  Evolution Chamber  
  171  11:12  Hydralisk x5  
  171  11:13  Hydralisk  
  171  11:17  Queen  
  180  11:28  Hydralisk x9  
  180  11:30  Overlord x2  
  182  11:43  Hydralisk  
  182  11:44  Hydralisk x2  
  183  11:55  Lurker x2  
Tags
 
Add a new tag
Caveats
  • Supply blocks, unpowered buildings, or Contaminate may cause inaccurate times.
  • Supply counts are checked every 10 seconds.